 Dungeon Crawl Stone Soup version 0.28.0-47-ge53b351184 (webtiles) character file.

Game seed: 17627185368135404163

112 Zeld the Conjurer (level 4, -1/36 HPs)
             Began as a Draconian Conjurer on Apr 29, 2022.
             Slain by Natasha (7 damage)
             ... on level 4 of the Dungeon.
             The game lasted 00:02:03 (1266 turns).

Zeld the Conjurer (Draconian Conjurer)              Turns: 1266, Time: 00:02:03

Health: -1/36      AC:  5    Str: 10    XL:     4   Next: 63%
Magic:  1/17       EV: 12    Int: 20    God:
Gold:   36         SH:  0    Dex:  9    Spells: 5/8 levels left

rFire   . . .      SeeInvis .   (no weapon)
rCold   . . .      Faith    .   (no shield)
rNeg    . . .      Spirit   .   (armour unavailable)
rPois   .          Reflect  .   (helmet restricted)
rElec   .          Harm     .   (no cloak)
rCorr   .          Rampage  .   (no gloves)
Will    .....                   (no boots)
Stlth   ++........              (no amulet)
HPRegen 0.12/turn               e - ring of magical power
MPRegen 0.15/turn               (no ring)

@: slowed, very slow
A: AC +5, unfitting armour, cold-blooded
a: no special abilities


You were on level 4 of the Dungeon.
You visited 1 branch of the dungeon, and saw 4 of its levels.

You collected 36 gold pieces.

Inventory:

Jewellery
 e - a ring of magical power (left hand)
Wands
 g - a wand of flame (13)
Scrolls
 b - a scroll of summoning {unknown}
 h - a scroll of noise {unknown}
 i - a scroll of vulnerability {unknown}
 j - a scroll of amnesia {unknown}
Potions
 a - a potion of haste {unknown}
 c - a potion of heal wounds {unknown}
 d - a potion of flight {unknown}
 f - a potion of resistance {unknown}


   Skills:
 * Level 2.1 Fighting
 + Level 2.2 Dodging
 + Level 2.2 Stealth
 * Level 2.8 Spellcasting
 * Level 4.6 Conjurations


You had 5 spell levels left.
You knew the following spells:

 Your Spells              Type           Power      Damage    Failure   Level
a - Magic Dart            Conj           84%        1d7       2%          1
b - Searing Ray           Conj           42%        2d6       3%          2

Your spell library contained the following spells:

 Spells                   Type           Power      Damage    Failure   Level
 Dazzling Flash           Conj/Hex       24%        N/A       17%         3
 Fulminant Prism          Conj/Hex       6%         3d7       50%         4
 Iskenderun's Mystic Bla  Conj/Tloc      12%        2d5       50%         4


Dungeon Overview and Level Annotations

Branches:
Dungeon (4/15)
 Temple: D:4-7

Altars:

Annotations:
D:4 Natasha, Robin


Innate Abilities, Weirdness & Mutations

Your plain brown scales are hard. (AC +5)
You cannot fit into any form of body armour.
You are cold-blooded and may be slowed by cold attacks.


Message History

Aiming: Magic Dart (safe; 2% risk of failure)
Press: ? - help, Shift-Dir - straight line, f - goblin
Aim: a goblin, wielding a +0 dagger (strong, 100% to hit)
The magic dart hits the goblin.
The goblin is heavily wounded.
The goblin hits you with a +0 dagger. Natasha barely misses you.
The goblin completely misses you. Natasha closely misses you.
You closely miss the goblin.
The goblin is heavily wounded.
The goblin misses you. Natasha barely misses you.
You barely miss the goblin.
The goblin is heavily wounded.
The goblin hits you but does no damage. Natasha barely misses you.
The goblin closely misses you.
Natasha mumbles some strange words.
You barely miss the goblin.
Your tail-slap misses the goblin.
The goblin is heavily wounded.
The goblin hits you but does no damage.
Natasha stares at you and mumbles some strange words.
The magic dart hits you.
* * * LOW HITPOINT WARNING * * *
Casting: Magic Dart (safe; 2% risk of failure)
Confirm with . or Enter, or press ? or * to list all spells.
Aiming: Magic Dart (safe; 2% risk of failure)
Press: ? - help, Shift-Dir - straight line, f/p - goblin
Aim: a goblin, wielding a +0 dagger (heavily wounded, strong, 100% to hit)
The magic dart hits the goblin.
The goblin is severely wounded.
The goblin barely misses you. Natasha claws you.
* * * LOW HITPOINT WARNING * * *
The goblin hits you but does no damage.
Natasha howls an incantation.
Natasha's front paws start to glow.
Natasha claws you but does no damage.
You closely miss the goblin.
The goblin is heavily wounded.
The goblin hits you with a +0 dagger.
* * * LOW HITPOINT WARNING * * *
Natasha claws you!
You die...

.#.#.. #.# ......###.#
...##.....## .#......)..#
...........# .....#.##..#
.#.#.#.##).# ###
.#.#.....).###########...g.
...###.###...).g@h5ggg).#
##.# #.# #.###########..#
#.###(###.# # #.†.......#
##.######## #.# #.# #.# #.#


You could see Robin, Natasha, a white imp (summoned) and 3 goblins.

Vanquished Creatures
  Natasha (D:4)
  An orc wizard (D:4)
  2 adders
  An ufetubus (D:4)
  An adder skeleton (D:4)
  4 orcs (D:4)
  An endoplasm (D:4)
  A giant cockroach (D:1)
  3 goblins (D:4)
  4 hobgoblins
  3 kobolds
  A ball python (D:4)
  5 bats
  3 frilled lizards
  3 rats
34 creatures vanquished.

Notes
Turn   | Place    | Note
-------+----------+-------------------------------------------
     0 | D:1      | Zeld the Draconian Conjurer began the quest for the Orb.
     0 | D:1      | Reached XP level 1. HP: 14/14 MP: 3/3
   336 | D:1      | You fall into a shaft and drop 1 floor!
   385 | D:2      | Reached XP level 2. HP: 22/22 MP: 1/5
   531 | D:3      | Learned a level 2 spell: Searing Ray
   695 | D:3      | Reached skill level 1 in Fighting
   976 | D:3      | Reached XP level 3. HP: 28/28 MP: 6/6
  1053 | D:4      | Noticed an orc warrior
  1117 | D:4      | Noticed Natasha
  1120 | D:4      | Killed Natasha
  1121 | D:4      | Reached XP level 4. HP: 31/36 MP: 7/7
  1247 | D:4      | Noticed Natasha
  1249 | D:4      | Noticed Robin
  1266 | D:4      | Slain by Natasha

Illustrated notes

Levels and vault maps discovered:
D:1:      minmay_arrival_stone_box, layout_basic,
          chequers_ecumenical_altar_island
D:2:      layout_basic
D:3:      layout_basic
D:4:      layout_loops_ring, gup_sewer_entry_bubbles, hangedman_decor_points,
          kennysheep_diamond, kennysheep_generic_room_4, uniq_natasha,
          uniq_robin

Skill      XL: |  1  2  3  4 |
---------------+-------------+-----
Fighting       | 1 2 |  2.1
Stealth        | 2 |  2.2
Dodging        | 2 |  2.2
Spellcasting   | |  2.8
Conjurations   | |  4.6

Action                   |  1- 3 |  4- 6 || total
-------------------------+-------+-------++-------
Melee: Unarmed           |     5 |     6 ||    11
       Tailslap          |     1 |       ||     1
 Cast: Magic Dart        |    45 |    15 ||    60
       Searing Ray       |     2 |     3 ||     5
Armor: Skin              |     7 |    14 ||    21
Dodge: Dodged            |     4 |    26 ||    30
